[Event "Team 45 45 League T45"]
[Site "Internet Chess Club"]
[Date "2010.05.22"]
[Round "3"]
[White "TerryMalloy"]
[Black "mickeys"]
[Result "1/2-1/2"]
[WhiteElo "2139"]
[BlackElo "1920"]
[Opening "French: exchange variation"]
[ECO "C01"]
[Time "19:00:21"]
[TimeControl "2700+45"]

1. e4 e6 2. d4 d5 3. exd5 exd5 4. c4 Nf6 5. Nc3 Bb4 6. Bd3 O-O 7. Nf3 Re8+ 8.
Be3 dxc4 9. Bxc4 Be6 10. Bxe6 Rxe6 11. O-O c6 12. Qb3 Na6 13. Rad1 Nd5 14. Bd2
Qd6 15. Rfe1 Rae8 16. Rxe6 Rxe6 17. Re1 Rxe1+ 18. Bxe1 Nac7 19. a3 Bxc3 20. bxc3
b5 21. h3 Nb6 22. Ne5 Ne6 23. Qb4 Qxb4 24. axb4 Nd8 25. f3 f6 26. Nd3 Nb7 27.
Kf2 Kf7 28. Ke2 Nc4 29. Bf2 {Game drawn by mutual agreement} 1/2-1/2

[Event "Team 45 45 League T45"]
[Site "Internet Chess Club"]
[Date "2010.05.22"]
[Round "3"]
[White "cknights"]
[Black "az2112"]
[Result "0-1"]
[WhiteElo "1760"]
[BlackElo "1773"]
[Opening "QGD semi-Slav: Meran, Wade variation"]
[ECO "D47"]
[Time "12:01:37"]
[TimeControl "2700+45"]

1. d4 d5 2. c4 c6 3. Nf3 Nf6 4. Nc3 e6 5. e3 Nbd7 6. Bd3 dxc4 7. Bxc4 b5 8. Bd3
Bb7 9. e4 b4 10. Na4 c5 11. dxc5 Nxe4 12. Bb5 Nxc5 13. Nxc5 Bxc5 14. Ne5 Bxf2+
15. Kf1 Bc8 16. Qf3 O-O 17. Qxa8 Nxe5 18. Bf4 Qb6 19. Qe4 Qxb5+ 20. Kxf2 Nd3+
21. Ke3 Ba6 22. Rab1 Nxf4 23. Kxf4 g5+ 24. Kg3 Bb7 25. Qe3 Qd5 26. Rhg1 h5 27.
Rbd1 h4+ 28. Kf2 Qf5+ 29. Ke1 Bd5 30. Rf1 Qe4 31. Qxe4 Bxe4 32. Rd4 Bxg2 33. Rf2
h3 34. Rxb4 f5 35. Ra4 Rf7 36. Ra5 g4 37. b4 g3 38. hxg3 h2 39. Rxg2 h1=Q+ 40.
Kf2 Qd1 41. Ke3 Rd7 42. Kf4 Qf1+ 43. Kg5 Qxg2 44. Kf6 Qxg3 45. Kxe6 Qd6+ 46.
Kxf5 Rf7+ 47. Ke4 Rf4+ 48. Ke3 Qd4+ 49. Ke2 Rf2+ 50. Ke1 Qd2# {White checkmated}
0-1

[Event "Team 45 45 League T45"]
[Site "Internet Chess Club"]
[Date "2010.05.23"]
[Round "3"]
[White "Chess2Play"]
[Black "pishd"]
[Result "0-1"]
[WhiteElo "1669"]
[BlackElo "1734"]
[Opening "Dutch defense, Rubinstein variation"]
[ECO "A40"]
[Time "09:05:36"]
[TimeControl "2700+45"]

1. d4 e6 2. c4 f5 3. Nc3 Nf6 4. e3 Bb4 5. Bd3 Bxc3+ 6. bxc3 b6 7. Ne2 Bb7 8. f3
O-O 9. O-O Nc6 10. Qc2 d6 11. e4 fxe4 12. fxe4 Ng4 13. Rxf8+ Qxf8 14. Ng3 Qe7
15. h3 Qh4 16. Nh1 Qe1+ 17. Bf1 Rf8 18. Qe2 Qxe2 19. Bxe2 Nf6 20. Bd3 e5 21. d5
Na5 22. Bd2 Ba6 23. Ng3 Nxc4 24. Bg5 Nd7 25. Bxc4 Bxc4 26. Be3 Bd3 27. Rd1 Bc4
28. a3 g6 29. Rd2 h5 30. Rf2 h4 31. Rxf8+ Kxf8 32. Nf1 Nf6 33. Nd2 Bd3 34. Bg5
Nxe4 35. Nxe4 Bxe4 36. Kf2 Bxd5 37. Bxh4 Kf7 38. g3 Ke6 39. Bd8 c6 40. Ke3 Bg2
41. h4 Bh3 42. Ke4 d5+ 43. Ke3 Kf5 44. Bc7 c5 45. Bb8 d4+ 46. cxd4 cxd4+ 47. Kd3
Bf1+ 48. Kd2 a6 49. Bc7 b5 50. Bd6 Ke4 51. Bc7 Bh3 52. Bb8 Bf5 53. Bc7 Kd5 54.
Bb8 e4 55. Bf4 Kc4 56. Bg5 Kb3 57. Be7 a5 58. Bd6 b4 59. axb4 axb4 60. Bc5 Kc4
61. Bd6 b3 62. Ba3 e3+ 63. Ke2 Bg4+ 64. Ke1 Kc3 65. Bc5 b2 {White resigns} 0-1

[Event "Team 45 45 League T45"]
[Site "Internet Chess Club"]
[Date "2010.05.23"]
[Round "3"]
[White "smitty120"]
[Black "MeoPatacca"]
[Result "1-0"]
[WhiteElo "1907"]
[BlackElo "1830"]
[Opening "Scandinavian (center counter) defense"]
[ECO "B01"]
[Time "16:31:11"]
[TimeControl "2700+45"]

1. e4 d5 2. exd5 Qxd5 3. Nc3 Qe5+ 4. Be2 c6 5. Nf3 Qc7 6. O-O Bf5 7. d4 e6 8.
Re1 Nd7 9. d5 cxd5 10. Nd4 Bg6 11. Ndb5 Qa5 12. Bd2 Bb4 13. a3 Bxc3 14. Bxc3
{Black resigns} 1-0

[Event "Team 45 45 League T45"]
[Site "Internet Chess Club"]
[Date "2010.05.23"]
[Round "3"]
[White "EireChess"]
[Black "dpawn"]
[Result "0-1"]
[WhiteElo "1721"]
[BlackElo "1822"]
[Opening "Scandinavian: Pytel-Wade variation"]
[ECO "B01"]
[Time "16:24:44"]
[TimeControl "2700+45"]

1. e4 d5 2. exd5 Qxd5 3. Nc3 Qd6 4. d4 Nf6 5. Bc4 a6 6. Nge2 Qc6 7. Bb3 Qxg2 8.
Ng3 Bg4 9. Qd3 Nc6 10. Be3 e5 11. Nce2 O-O-O 12. c3 Bxe2 13. Qxe2 exd4 14. cxd4
Bb4+ 15. Bd2 Rhe8 {White resigns} 0-1

[Event "Team 45 45 League T45"]
[Site "Internet Chess Club"]
[Date "2010.05.22"]
[Round "3"]
[White "AVEMARIA"]
[Black "GreatBendini"]
[Result "0-1"]
[WhiteElo "1686"]
[BlackElo "1789"]
[Opening "Scandinavian: Marshall variation"]
[ECO "B01"]
[Time "17:03:14"]
[TimeControl "2700+45"]

1. e4 d5 2. exd5 Nf6 3. d4 Nxd5 4. Nf3 Bg4 5. Be2 e6 6. O-O Be7 7. c4 Nf6 8. Nc3
O-O 9. h3 Bh5 10. Be3 Nc6 11. a3 h6 12. Qd2 Bg6 13. Rfe1 Re8 14. Rad1 a6 15. Bd3
Bxd3 16. Qxd3 Bf8 17. Qc2 Bd6 18. c5 Be7 19. Ne5 Nd5 20. Nxc6 bxc6 21. Qa4 Qd7
22. Nxd5 exd5 23. Bf4 f5 24. Be5 a5 25. Rd3 Bg5 26. f4 Bxf4 27. Rf3 Bxe5 28.
Rxe5 Rxe5 29. dxe5 Re8 30. Qf4 Qe7 31. Qxf5 Qxe5 32. Qf7+ Kh7 33. b4 axb4 34.
axb4 Re7 35. Qf8 Qe4 36. Rf4 Qe3+ 37. Kh2 Qe5 38. h4 d4 39. Kh3 d3 40. Rf2 Qe3+
41. Rf3 Qe6+ 42. g4 d2 43. Rd3 Qe3+ 44. Rxe3 Rxe3+ 45. Kh2 Re2+ 46. Kg3 d1=Q 47.
Qf5+ Kg8 48. Qc8+ Kf7 49. Qxc7+ Re7 50. Qf4+ Ke8 51. Qb8+ Qd8 52. Qxd8+ Kxd8 53.
Kf4 Kc7 54. g5 hxg5+ 55. hxg5 Kb7 56. g6 Re6 57. Kf5 Rf6+ 58. Kg5 Ka6 {White
resigns} 0-1

[Event "Team 45 45 League T45"]
[Site "Internet Chess Club"]
[Date "2010.05.22"]
[Round "3"]
[White "TwoEqualsOne"]
[Black "Invicta-Knight"]
[Result "1-0"]
[WhiteElo "1721"]
[BlackElo "1490"]
[Opening "Benkö gambit"]
[ECO "A57"]
[Time "18:21:17"]
[TimeControl "2700+45"]

1. d4 Nf6 2. c4 c5 3. d5 b5 4. Qc2 bxc4 5. e4 d6 6. Bxc4 Ba6 7. Qa4+ Qd7 8.
Qxd7+ Nfxd7 9. Bxa6 Nxa6 10. a3 g6 11. f4 Bg7 12. Nc3 e6 13. Nge2 Nc7 14. dxe6
fxe6 15. O-O Rf8 16. Be3 Nb6 17. b3 Rc8 18. Rad1 Ke7 19. e5 Rcd8 20. exd6+
{Black forfeits on time} 1-0

[Event "Team 45 45 League T45"]
[Site "Internet Chess Club"]
[Date "2010.05.23"]
[Round "3"]
[White "QueensCounselor"]
[Black "natethegreat"]
[Result "1-0"]
[WhiteElo "2117"]
[BlackElo "1824"]
[Opening "King's Indian: orthodox, Aronin-Taimanov, main line"]
[ECO "E99"]
[Time "13:00:13"]
[TimeControl "2700+45"]

1. d4 Nf6 2. c4 g6 3. Nc3 Bg7 4. e4 d6 5. Nf3 O-O 6. Be2 e5 7. O-O Nc6 8. d5 Ne7
9. Ne1 Nd7 10. f3 f5 11. Be3 f4 12. Bf2 g5 13. a4 a5 14. Nd3 Nf6 15. c5 Rf7 16.
cxd6 cxd6 17. Rc1 Ng6 18. Qb3 Bf8 19. Bb6 Qd7 20. Nb5 Ne8 21. Na7 Nh4 22. Nxc8
Rxc8 23. Rxc8 Qxc8 24. Bxa5 h5 25. Rc1 Qd7 26. Nf2 Qe7 27. Rc8 Nf6 28. Bb5 b6
29. Bxb6 Qb7 30. Rc6 Nd7 31. a5 Nxb6 32. Rxb6 Qa7 33. Qc3 Rc7 34. Bc6 Ng6 35. b4
Ne7 36. b5 Nc8 37. Ra6 Qe3 38. Qxe3 fxe3 39. Nd3 Ra7 40. Rxa7 Nxa7 41. b6 {Black
resigns} 1-0

[Event "Team 45 45 League T45"]
[Site "Internet Chess Club"]
[Date "2010.05.22"]
[Round "3"]
[White "avila"]
[Black "upsan"]
[Result "0-1"]
[WhiteElo "1681"]
[BlackElo "1853"]
[Opening "French: advance, Paulsen attack"]
[ECO "C02"]
[Time "13:22:09"]
[TimeControl "2700+45"]

1. e4 e6 2. d4 d5 3. e5 c5 4. c3 Nc6 5. Nf3 Qb6 6. a3 Bd7 7. b4 cxd4 8. cxd4 Rc8
9. Be3 Nh6 10. Bd3 Ng4 11. O-O Be7 12. Nbd2 Nxe3 13. fxe3 Nb8 14. Rc1 O-O 15.
Qe2 Ba4 16. e4 Nc6 17. Qe3 a5 18. exd5 exd5 19. bxa5 Qxa5 20. Bb1 Bb5 21. Rfe1
Bxa3 22. Nb3 Bxc1 23. Rxc1 Qd8 24. Ng5 h6 25. Nh7 Re8 26. Qg3 Nxd4 27. Nf6+ Qxf6
28. exf6 Ne2+ 29. Kf2 Nxg3 30. Rxc8 Rxc8 31. hxg3 Ba4 32. Nd4 b5 33. fxg7 Kxg7
34. Nf5+ Kf6 35. Nxh6 b4 36. Ng4+ Ke6 {White resigns} 0-1

[Event "Team 45 45 League T45"]
[Site "Internet Chess Club"]
[Date "2010.05.23"]
[Round "3"]
[White "qs16"]
[Black "vkpanch"]
[Result "0-1"]
[WhiteElo "1716"]
[BlackElo "1692"]
[Opening "Queen's pawn game"]
[ECO "A45"]
[Time "16:50:52"]
[TimeControl "2700+45"]

1. d4 Nf6 2. Nd2 g6 3. e3 Bg7 4. Bd3 d6 5. f4 O-O 6. Ngf3 c5 7. c3 b6 8. O-O Bb7
9. Qc2 Nbd7 10. Ne4 Kh8 11. Bd2 c4 12. Bxc4 Bxe4 13. Bd3 Bxd3 14. Qxd3 Qc7 15.
Rac1 Rfd8 16. Ng5 Kg8 17. e4 e5 18. f5 Qb7 19. Rce1 h6 20. Nh3 g5 21. Nf2 d5 22.
Kh1 dxe4 23. Nxe4 Nxe4 24. Rxe4 Nc5 {White resigns} 0-1

[Event "Team 45 45 League T45"]
[Site "Internet Chess Club"]
[Date "2010.05.23"]
[Round "3"]
[White "soccerisfun"]
[Black "oldsj"]
[Result "1-0"]
[WhiteElo "1592"]
[BlackElo "1612"]
[Opening "Sicilian: Najdorf, Lipnitzky attack"]
[ECO "B86"]
[Time "14:46:39"]
[TimeControl "2700+45"]

1. e4 c5 2. Nf3 d6 3. d4 cxd4 4. Nxd4 Nf6 5. Nc3 a6 6. Bc4 e6 7. Be3 b5 8. Bb3
Bb7 9. f3 d5 10. e5 Nfd7 11. f4 Nc5 12. Qd2 Nc6 13. O-O-O b4 14. Nce2 Ne4 15.
Qe1 Rc8 16. Ng3 Nc5 17. Nge2 Be7 18. Nxc6 Nxb3+ 19. axb3 Bxc6 20. Qg3 Bb5 21.
Qxg7 Kd7 22. Nd4 Rg8 23. Qxf7 Rg6 24. Qxh7 Qa5 25. Qxg6 Qa1+ 26. Kd2 Rxc2+ 27.
Kxc2 Bd3+ 28. Qxd3 Qa5 29. h4 Qc5+ 30. Kb1 Qc8 31. h5 {Black resigns} 1-0

[Event "Team 45 45 League T45"]
[Site "Internet Chess Club"]
[Date "2010.05.20"]
[Round "3"]
[White "Malacar"]
[Black "SlimeDog2"]
[Result "0-1"]
[WhiteElo "2093"]
[BlackElo "2183"]
[Opening "Bird's opening"]
[ECO "A03"]
[Time "14:04:11"]
[TimeControl "2700+45"]

1. f4 d5 2. Nf3 Nf6 3. e3 g6 4. b3 Bg7 5. Bb2 O-O 6. Be2 c5 7. O-O Nc6 8. Bb5
Qc7 9. Bxc6 Qxc6 10. d3 b5 11. a4 b4 12. Nbd2 Bb7 13. Qe1 Nd7 14. Bxg7 Kxg7 15.
Qg3 Rae8 16. Rf2 f5 17. Re1 Qf6 18. Ne5 Nxe5 19. fxe5 Qc6 20. Nf3 e6 21. h4 Qd7
22. Qf4 d4 23. Nd2 dxe3 24. Rxe3 Bd5 25. Rh3 h6 26. Re2 Qe7 27. Ree3 Rd8 28.
Rhg3 Ba8 29. Rh3 Rd4 30. Qf2 Rg4 31. Reg3 h5 32. Nc4 f4 33. Rf3 Bxf3 34. Rxf3
Rxh4 35. Nd6 Rg4 36. Qxc5 Qg5 37. Ne4 Rxg2+ 38. Kf1 Qg4 39. Rf2 Rg1# {White
checkmated} 0-1

[Event "Team 45 45 League T45"]
[Site "Internet Chess Club"]
[Date "2010.05.21"]
[Round "3"]
[White "Memphischess"]
[Black "DavidBarnsley"]
[Result "1-0"]
[WhiteElo "2082"]
[BlackElo "1992"]
[Opening "French: King's Indian attack"]
[ECO "C00"]
[Time "15:00:47"]
[TimeControl "2700+45"]

1. e4 e6 2. d3 d5 3. Nd2 c5 4. g3 Nc6 5. Bg2 dxe4 6. dxe4 b6 7. Ngf3 Ba6 8. b3
Qd7 9. Bb2 f6 10. Bf1 Bxf1 11. Nxf1 Qxd1+ 12. Rxd1 Rd8 13. Ne3 Rxd1+ 14. Kxd1
Nge7 15. Kc1 Nc8 16. e5 fxe5 17. Nxe5 Nxe5 18. Bxe5 Rg8 19. Rd1 g6 20. f4 h5 21.
Nc4 g5 22. a4 h4 23. Bf6 hxg3 24. fxg5 Be7 25. hxg3 Bxf6 26. gxf6 Rg5 27. Rf1
Kf7 28. g4 a6 29. Nd2 Rxg4 30. Nf3 Rg2 31. Ne5+ Kf8 32. f7 {Black resigns} 1-0

[Event "Team 45 45 League T45"]
[Site "Internet Chess Club"]
[Date "2010.05.20"]
[Round "3"]
[White "MOchess-boy"]
[Black "Darkwizard1"]
[Result "0-1"]
[WhiteElo "1791"]
[BlackElo "1941"]
[Opening "QGD: exchange, positional line"]
[ECO "D35"]
[Time "17:03:20"]
[TimeControl "2700+45"]

1. d4 Nf6 2. c4 e6 3. Nc3 d5 4. cxd5 exd5 5. Bg5 Bb4 6. Qb3 Nc6 7. e3 O-O 8. Bd3
Re8 9. Ne2 h6 10. Bxf6 Qxf6 11. Qxd5 Be6 12. Qf3 Qh4 13. O-O Bd6 14. g3 Qh3 15.
Nf4 Bxf4 16. Qxf4 Ne7 17. Be4 c6 18. Bg2 Qh5 19. a3 Ng6 20. Qd6 Rac8 21. Qc5
Qxc5 22. dxc5 Ne5 23. b4 Red8 24. Ne4 Rd3 25. Nd6 Rc7 26. Be4 Rc3 27. Rfd1 g6
28. Rdc1 Rb3 29. Rc2 f5 30. Bg2 h5 31. f4 Ng4 32. e4 Ne3 33. Re2 Nxg2 34. Kxg2
fxe4 35. Nxe4 Kg7 36. Kf2 Bg4 37. Rd2 Re7 38. Ng5 Ree3 39. Rda2 h4 40. gxh4 a5
41. b5 cxb5 42. Re1 Rxe1 43. Kxe1 Rc3 44. Rg2 Bf5 45. Re2 Rxa3 46. Re7+ Kf8 47.
Rxb7 b4 48. Nh7+ Ke8 49. Nf6+ Kd8 50. c6 Rc3 51. Rb8+ Kc7 52. Rb5 Kxc6 53. Rxa5
b3 54. Nd5 Rc1+ 55. Kd2 Rc2+ 56. Kd1 b2 57. Nb4+ Kb6 {White resigns} 0-1

[Event "Team 45 45 League T45"]
[Site "Internet Chess Club"]
[Date "2010.05.24"]
[Round "3"]
[White "kidviper"]
[Black "siddhu"]
[Result "1/2-1/2"]
[WhiteElo "1915"]
[BlackElo "1824"]
[Opening "Two knights defense"]
[ECO "C56"]
[Time "11:30:34"]
[TimeControl "2700+45"]

1. e4 e5 2. Nf3 Nc6 3. Bc4 Nf6 4. d4 exd4 5. O-O Nxe4 6. Re1 d5 7. Bxd5 Qxd5 8.
Nc3 Qa5 9. Nxe4 Be6 10. Bg5 h6 11. Bh4 g5 12. Bg3 O-O-O 13. Ned2 Bg7 14. Nb3 Qd5
15. Qe2 Bg4 16. h3 Bxf3 17. Qxf3 Qxf3 18. gxf3 Rhe8 19. a3 f5 20. f4 b6 21. Nd2
Kd7 22. Nf3 Bf6 23. Rad1 Re4 24. fxg5 hxg5 25. Nd2 Rxe1+ 26. Rxe1 f4 27. Bh2 d3
28. c3 Re8 29. Kf1 Rxe1+ 30. Kxe1 Ne5 31. f3 c5 32. Bg1 Kc6 33. a4 Be7 34. Kf2
c4 35. Kf1 Kd5 36. Bd4 Nc6 37. Bg1 Ne5 38. Bd4 Nd7 39. Ne4 Ke6 40. Nd2 Kd5 41.
Ne4 Bd8 42. a5 bxa5 43. Bxa7 Ne5 44. Kf2 Nc6 45. Bc5 a4 46. Bf8 Na7 47. Ba3 Nb5
48. Bb4 Na7 49. Bf8 Nb5 50. Bb4 Ke5 51. Ke1 Kd5 52. Kd2 {Game drawn by mutual
agreement} 1/2-1/2

[Event "Team 45 45 League T45"]
[Site "Internet Chess Club"]
[Date "2010.05.23"]
[Round "3"]
[White "theophilus"]
[Black "TerryMalloy"]
[Result "0-1"]
[WhiteElo "2174"]
[BlackElo "2157"]
[Opening "Benkö gambit half accepted"]
[ECO "A57"]
[Time "14:04:48"]
[TimeControl "2700+45"]

1. d4 Nf6 2. c4 c5 3. d5 b5 4. cxb5 a6 5. b6 d6 6. Nc3 Nbd7 7. e4 Qxb6 8. Nf3 g6
9. a4 Bg7 10. a5 Qb7 11. Nd2 O-O 12. Be2 Rb8 13. O-O Ne8 14. Nc4 Nc7 15. Na4 Nb5
16. Nab6 Nd4 17. Bd3 Nxb6 18. Nxb6 Bd7 19. Bc4 Bb5 20. Qd3 Bxc4 21. Qxc4 Rfe8
22. Bf4 e5 23. dxe6 Rxe6 24. f3 Nc6 25. Rfd1 Nxa5 26. Rxa5 Qxb6 27. Rxa6 Qxb2
28. Raxd6 Rxd6 29. Bxd6 Bd4+ 30. Kh1 Ra8 31. Qc1 Qxc1 32. Rxc1 c4 33. g4 c3 34.
Bb4 Rc8 35. Rc2 Rb8 36. Ba3 Kg7 37. Bd6 Rb1+ {White resigns} 0-1

[Event "Team 45 45 League T45"]
[Site "Internet Chess Club"]
[Date "2010.05.22"]
[Round "3"]
[White "Folgers"]
[Black "chess92192"]
[Result "1/2-1/2"]
[WhiteElo "2016"]
[BlackElo "2036"]
[Opening "Levitsky attack (Queen's bishop attack)"]
[ECO "D00"]
[Time "19:29:39"]
[TimeControl "2700+45"]

1. d4 d5 2. Bg5 Nc6 3. e3 h6 4. Bh4 Nf6 5. c4 e6 6. Nc3 dxc4 7. Bxc4 Be7 8. Nf3
O-O 9. O-O Re8 10. Rc1 a6 11. Bd3 Nd5 12. Bxe7 Qxe7 13. e4 Nf4 14. Bb1 e5 15. d5
Na7 16. Ne2 Nxe2+ 17. Qxe2 Bg4 18. Bd3 Rac8 19. Qe3 Nb5 20. Bxb5 axb5 21. Ne1
Qb4 22. Nd3 Qa5 23. f3 Bh5 24. Rc3 b4 25. Rb3 c5 26. dxc6 bxc6 27. Nxb4 c5 28.
Nd5 Qxa2 29. Qc3 Rb8 30. Rxb8 Rxb8 31. Qxe5 Rxb2 32. Nf4 Bg6 33. Qxc5 Kh7 34. h4
f6 35. Qd5 Qxd5 36. Nxd5 Bf7 37. Rd1 Kg8 38. Ne3 Be6 39. Kh2 Re2 40. Rd3 Kf7 41.
Kg3 g6 42. f4 h5 43. Kf3 Re1 44. Kf2 Ra1 45. f5 gxf5 46. exf5 Bc8 47. Rc3 Bd7
48. Kf3 Ra4 49. Rc7 Ke8 50. g3 Kd8 51. Rc3 Rd4 52. Ra3 Bc6+ 53. Ke2 Bb5+ 54. Ke1
Re4 55. Kf2 Re5 56. Ra8+ Ke7 57. Rh8 Be8 58. Rh7+ Kf8 59. Rc7 Bb5 60. Kf3 Bd3
61. Rh7 Bxf5 62. Nxf5 Rxf5+ 63. Ke4 Re5+ 64. Kf4 Kg8 65. Rc7 Ra5 66. Rc3 Kf7 67.
Rc7+ Kg6 68. Rc4 Ra1 {Game drawn by mutual agreement} 1/2-1/2

[Event "Team 45 45 League T45"]
[Site "Internet Chess Club"]
[Date "2010.05.23"]
[Round "3"]
[White "hewdondada"]
[Black "allegreison"]
[Result "1-0"]
[WhiteElo "1853"]
[BlackElo "1750"]
[Opening "Trompowsky attack (Ruth, Opocenský opening)"]
[ECO "A45"]
[Time "18:04:39"]
[TimeControl "2700+45"]

1. d4 Nf6 2. Bg5 g6 3. Bxf6 exf6 4. c4 d5 5. c5 Nc6 6. g3 Bg7 7. Nf3 O-O 8. Bg2
Bf5 9. O-O Re8 10. Nc3 Qd7 11. a3 a5 12. Nh4 Be6 13. e4 Bg4 14. f3 Be6 15. Qd3
dxe4 16. fxe4 Qxd4+ 17. Qxd4 Nxd4 18. Rad1 Nb3 19. Nd5 Bxd5 20. exd5 Nxc5 21.
Rc1 f5 22. Kh1 Bf8 23. Nf3 Bd6 24. Nd2 Re2 25. Nc4 Nd3 26. Nxd6 Nxc1 27. Nxb7
Nd3 28. Kg1 Rxb2 29. d6 cxd6 30. Nxd6 Rab8 31. a4 R8b4 32. Bc6 Rc2 33. Bb5 Rbb2
34. Rd1 Rg2+ 35. Kh1 Rxh2+ 36. Kg1 Rbg2+ 37. Kf1 Nf2 38. Rd2 Ng4 39. Rxg2 Ne3+
40. Kf2 Nd1+ 41. Kg1 Rxg2+ 42. Kxg2 Kf8 43. Nb7 Ke7 44. Nxa5 Nc3 45. Bc6 Kd6 46.
Kf3 Kc5 47. Be8 g5 48. Nb7+ Kb6 49. Nd6 f4 50. g4 f6 51. Nc4+ Kc5 52. Nd2 Kb4
53. Ne4 Nd5 54. Bf7 Ne3 55. Nxf6 Kxa4 56. Nxh7 Kb4 57. Nxg5 Kc5 58. Ne4+ Kd4 59.
g5 Nf5 60. Kxf4 Ne7 61. Nf6 Kc5 62. Ke5 Nc6+ 63. Kf4 Kd6 64. Ng8 Ne5 65. Nh6 Nc6
66. Nf5+ Kd7 67. g6 Nd8 68. g7 Nxf7 {Black resigns} 1-0

[Event "Team 45 45 League T45"]
[Site "Internet Chess Club"]
[Date "2010.05.24"]
[Round "3"]
[White "Cryptochess"]
[Black "mugurelt"]
[Result "1/2-1/2"]
[WhiteElo "2015"]
[BlackElo "1803"]
[Opening "Robatsch (modern) defense"]
[ECO "B06"]
[Time "16:42:41"]
[TimeControl "2700+45"]

1. e4 g6 2. d4 Bg7 3. c3 d6 4. f4 Nf6 5. Bd3 O-O 6. Nf3 Nbd7 7. O-O c5 8. Be3 e5
9. fxe5 dxe5 10. Nxe5 Nxe5 11. dxe5 Ng4 12. Bxc5 Qh4 13. h3 Bxe5 14. Rf3 Rd8 15.
hxg4 Qh2+ 16. Kf1 Bxg4 17. Bg1 Qh1 18. Na3 Bh2 19. Kf2 Bxg1+ 20. Qxg1 Qxg1+ 21.
Rxg1 Bxf3 22. Ke3 Bh5 23. g4 Bxg4 24. Rxg4 h5 25. Rg1 Re8 26. Kf4 Rad8 27. Bc4
Kg7 28. Rg2 a6 29. Nc2 Rd1 30. Nd4 b5 31. Bd5 f6 32. Nf5+ Kh7 33. Bf7 g5+ 34.
Kf3 Red8 35. Ne3 R1d2 36. Nd5 g4+ 37. Kg3 h4+ 38. Kh2 Rxg2+ 39. Kxg2 Kg7 40. Be6
g3 41. Kh3 Kg6 42. Bf5+ Kg5 43. Be6 Re8 44. Bf5 Rd8 45. Bh7 Rh8 46. Bf5 Rd8
{Game drawn by repetition} 1/2-1/2

[Event "Team 45 45 League T45"]
[Site "Internet Chess Club"]
[Date "2010.05.21"]
[Round "3"]
[White "Ptzz"]
[Black "PandorasBox"]
[Result "1-0"]
[WhiteElo "2100"]
[BlackElo "2039"]
[Opening "Dutch: Leningrad, main variation with c6"]
[ECO "A88"]
[Time "16:17:20"]
[TimeControl "2700+45"]

1. d4 f5 2. g3 g6 3. Bg2 Bg7 4. Nf3 Nf6 5. c4 O-O 6. O-O d6 7. Nc3 c6 8. Qc2 Na6
9. a3 Nc7 10. Rb1 Bd7 11. Rd1 Qc8 12. b4 Re8 13. Bf4 Ne6 14. Qc1 Nxf4 15. gxf4
a5 16. b5 h6 17. e3 Kh7 18. Na4 Qd8 19. bxc6 Bxc6 20. Nb6 Ra6 21. c5 Ne4 22. Nd2
d5 23. Bf1 Ra7 24. f3 Nf6 25. Bd3 e6 26. Kh1 Nh5 27. Rg1 Qh4 28. Qe1 Qxe1 29.
Rgxe1 Bf6 30. Bb5 g5 31. fxg5 Bxg5 32. f4 Bd8 33. Nc8 Ra8 34. Nd6 Re7 35. Nf3
Ng7 36. Ne5 Bxb5 37. Rxb5 Rb8 38. Nc6 bxc6 39. Rxb8 Bc7 40. Ra8 Nh5 41. Ne8 Kg6
42. Rb1 Bxf4 43. exf4 Nxf4 44. Rg1+ Kh5 45. Nf6+ Kh4 46. Rh8 h5 47. Rf1 Kg5 48.
Nh7+ Kh6 49. Rxf4 Kg7 50. Nf8 Re8 51. Rh7+ Kg8 52. Rxh5 Rxf8 53. Rfh4 {Black
resigns} 1-0

[Event "Team 45 45 League T45"]
[Site "Internet Chess Club"]
[Date "2010.05.21"]
[Round "3"]
[White "Dyzfunk"]
[Black "Jack-ONeill"]
[Result "0-1"]
[WhiteElo "2030"]
[BlackElo "2055"]
[Opening "Budapest: Rubinstein variation"]
[ECO "A52"]
[Time "15:06:44"]
[TimeControl "2700+45"]

1. d4 Nf6 2. c4 e5 3. dxe5 Ng4 4. Bf4 Nc6 5. Nf3 Bb4+ 6. Nbd2 Qe7 7. a3 Ngxe5 8.
Nxe5 Nxe5 9. e3 Bc5 10. Be2 d6 11. O-O a5 12. Qb3 O-O 13. Qc2 Bd7 14. Nf3 Rfe8
15. Rfe1 Qf6 16. Rad1 Bc6 17. Ng5 Ng6 18. Bh5 h6 19. Nh3 Nh4 20. e4 g6 21. Bg4
g5 22. Bg3 Ng6 23. Bf5 a4 24. Rd3 Qxf5 25. Rf3 Bxe4 26. Rxe4 Qxe4 27. Qxe4 Rxe4
28. Kh1 Rxc4 29. Ng1 Rc1 30. h3 Re8 31. Kh2 Rc2 32. Rf6 Kg7 33. Rf5 Rxb2 34. Nf3
Bxf2 {White resigns} 0-1

[Event "Team 45 45 League T45"]
[Site "Internet Chess Club"]
[Date "2010.05.23"]
[Round "3"]
[White "Guoruey"]
[Black "stevef"]
[Result "0-1"]
[WhiteElo "1971"]
[BlackElo "1819"]
[Opening "Sicilian: Najdorf, Byrne (English) attack"]
[ECO "B90"]
[Time "15:00:16"]
[TimeControl "2700+45"]

1. e4 c5 2. Nf3 d6 3. d4 cxd4 4. Nxd4 Nf6 5. Nc3 a6 6. Be3 e5 7. Nb3 Be6 8. Be2
Be7 9. Qd2 Nc6 10. f3 d5 11. exd5 Nxd5 12. Nxd5 Qxd5 13. O-O-O Nb4 14. a3 Qxd2+
15. Nxd2 Nd5 16. Bf2 Rc8 17. Bd3 O-O 18. Rhe1 Nf4 19. Be4 Nxg2 20. Rg1 Nf4 21.
Kb1 Bd5 22. Be3 Bxe4 23. Nxe4 Rfd8 24. Bb6 Rd5 25. Nc3 Rxc3 26. bxc3 Rb5+ 27.
Kc1 Rxb6 28. Rge1 Bxa3+ 29. Kd2 Rd6+ {White resigns} 0-1

[Event "Team 45 45 League T45"]
[Site "Internet Chess Club"]
[Date "2010.05.24"]
[Round "3"]
[White "ChessyNessy"]
[Black "pishd"]
[Result "1-0"]
[WhiteElo "2009"]
[BlackElo "1713"]
[Opening "Caro-Kann: classical variation"]
[ECO "B18"]
[Time "10:24:03"]
[TimeControl "2700+45"]

1. e4 c6 2. d4 d5 3. Nc3 dxe4 4. Nxe4 Bf5 5. Ng3 Bg6 6. N1e2 e6 7. Nf4 Bd6 8.
Nxg6 hxg6 9. Ne4 Nf6 10. Bg5 Qa5+ 11. Bd2 Qd5 12. Nxd6+ Qxd6 13. Qf3 Qxd4 14.
O-O-O Qd5 15. Qa3 Qe5 16. Bc4 Rxh2 17. f4 Qh5 18. Rxh2 Qxh2 19. Qd6 Ne4 20. Qc7
Nxd2 21. Rxd2 Qg1+ 22. Rd1 Qe3+ 23. Kb1 Qb6 24. Rd8# {Black checkmated} 1-0

[Event "Team 45 45 League T45"]
[Site "Internet Chess Club"]
[Date "2010.05.20"]
[Round "3"]
[White "ITurnYouOn"]
[Black "ElCreyente"]
[Result "0-1"]
[WhiteElo "2307"]
[BlackElo "2292"]
[Opening "Bird's opening"]
[ECO "A03"]
[Time "16:30:15"]
[TimeControl "2700+45"]

1. f4 d5 2. e3 g6 3. Nf3 Bg7 4. c4 c6 5. Be2 Nf6 6. O-O O-O 7. Nc3 Nbd7 8. d4
dxc4 9. Bxc4 c5 10. Qe2 cxd4 11. exd4 Nb6 12. Bb3 Bg4 13. Rd1 e6 14. h3 Bxf3 15.
Qxf3 Nfd5 16. Be3 Rc8 17. Rac1 Nxe3 18. Qxe3 Qd6 19. Ne4 Bxd4 20. Rxd4 Rxc1+ 21.
Kh2 Qc7 22. Qg3 Qe7 23. Ng5 Rd8 24. Qh4 h5 25. Qf2 Rxd4 26. Qxd4 Qc5 27. Qf6 Qf5
28. Qd8+ Kg7 29. Qd2 Qc5 30. Kg3 Qg1 31. Nf3 Qc5 32. Qe2 Nd7 33. Ng5 Nf8 34. Qe4
b5 35. Qb7 Qf5 36. Qf3 Nh7 37. Ne4 a5 38. Qe3 Rc7 39. Qd4+ Kh6 40. Qd6 Rc1 41.
Qd2 Rf1 42. Nf2 Nf6 43. Bc2 Qd5 44. Qe2 Rg1 45. Nd3 Ra1 46. Ne5 Kg7 47. a3 a4
48. Bd3 Qd4 49. Nf3 Qd6 50. Ne5 b4 51. axb4 Qxb4 52. Qc2 h4+ 53. Kf3 Nd5 54. Bc4
Rf1+ 55. Bxf1 Qxf4+ 56. Ke2 Qxe5+ 57. Kd2 Ne3 58. Qd3 Nxf1+ 59. Qxf1 Qxb2+ 60.
Ke3 a3 61. Qa6 a2 62. Kf3 a1=Q 63. Qxa1 Qxa1 64. Kf2 Qd4+ 65. Kf3 f5 66. Ke2 g5
67. Kf3 g4+ 68. hxg4 Qxg4+ 69. Kf2 e5 70. Kf1 Qg3 71. Ke2 f4 72. Kd2 e4 73. Kc2
Qd3+ 74. Kb2 f3 75. gxf3 exf3 76. Kc1 f2 77. Kb2 f1=Q 78. Ka2 Qfb1# {White
checkmated} 0-1